 Dungeon Sprint DCSS version 0.26-a0-859-gf57989e088 (webtiles) character file.

Game seed: 5591724125468856219

1999 Conn the Arsonist (level 9, -12/55 HPs)
             Began as an Octopode Fire Elementalist on Nov 25, 2020.
             Was a Believer of Vehumet.
             Mangled by a yaktaur captain (24 damage)
             ... in the Dungeon (Sprint II: "The Violet Keep of Menkaure").
             The game lasted 00:18:29 (1332 turns).

Conn the Arsonist (Octopode Fire Elementalist)      Turns: 1332, Time: 00:18:30

Health: -12/55     AC:  1    Str:  7    XL:     9   Next: 21%
Magic:  13/23      EV: 17    Int: 21    God:    Vehumet [**....]
Gold:   269        SH:  0    Dex: 17    Spells: 12/29 levels left

rFire    + . .     SeeInvis .   a - +9 falchion of Meeqeewi {flame, rElec Dex+5}
rCold    x . .     Faith    .   (no shield)
rNeg     . . .     Spirit   .   (helmet restricted)
rPois    .         Reflect  .   (no amulet)
rElec    +         Harm     .   d - ring of fire
rCorr    .         Rampage  .   (no ring)
MR       .....     NoTele   +   (no ring)
Stlth    +++++.....             (no ring)
HPRegen  0.18/turn              (no ring)
MPRegen  0.18/turn              (no ring)
                                (no ring)
                                (no ring)

@: no status effects
A: almost no armour, stealthy swim, amphibious, 8 rings, constrict 8, camouflage
1, gelatinous body 1
a: Renounce Religion


You were in the Dungeon.
You worshipped Vehumet.
Vehumet was pleased with you.
You visited 1 branch You collected 810 gold pieces.
You spent 541 gold pieces at shops.

Inventory:

Hand Weapons
 a - the +9 falchion of Meeqeewi (weapon) {flame, rElec Dex+5}
   (You bought it in a shop in the Dungeon)

   It has been specially enchanted to burn those struck by it, causing extra
   injury to most foes and up to half again as much damage against particularly
   susceptible opponents.
   Big, fiery blades are also staple armaments of hydra-hunters.
   It affects your dexterity (+5).
   It insulates you from electricity.
Jewellery
 d - a ring of fire (left tentacle)
Potions
 e - a potion of magic


   Skills:
 + Level 2.4 Fighting
 + Level 5.7 Dodging
 + Level 7.3 Stealth
 - Level 4.2 Unarmed Combat
 * Level 10.8 Spellcasting
 * Level 9.0 Conjurations
 + Level 11.3 Fire Magic


You had 12 spell levels left.
You knew the following spells:

 Your Spells              Type           Power        Failure   Level
a - Foxfire               Conj/Fire      ####         1%          1
b - Conjure Flame         Conj/Fire      ######..     1%          3
c - Sticky Flame          Conj/Fire      ######..     1%          4
d - Fireball              Conj/Fire      ######....   2%          5
e - Inner Flame           Hex/Fire       ######..     1%          3
f - Shock                 Conj/Air       ####         1%          1

Your spell library contained the following spells:

 Spells                   Type           Power        Failure   Level
 Mephitic Cloud           Conj/Pois/Air  ###.....     5%          3


Dungeon Overview and Level Annotations

Branches:
Dungeon (1/1)

Altars:
Cheibriados
Dithmenos
Elyvilon
Fedhas
Gozag
Hepliaklqana
Kikubaaqudgha
Makhleb
Nemelex Xobeh
Okawaru
Qazlal
Ru
Sif Muna
Trog
Uskayaw
Vehumet
Wu Jian
Xom
Yredelemnul
Zin
The Shining One
Beogh
Jiyva
Lugonu

Shops:
D [=:=![!?=(:}*?(

Annotations:
D exclusions: obsidian statue and oklob plant, Kirke, Roxanne


Innate Abilities, Weirdness & Mutations

You cannot wear most types of armour.
You are very stealthy in the water. (Stealth+)
You are amphibious.
You can wear up to eight rings at the same time.
You can use your tentacles to constrict eight enemies at once.
Your skin changes colour to match your surroundings (Stealth+).
Your rubbery body absorbs attacks. (AC +1, EV +1)


Message History

The sticky flame hits the yaktaur captain.
The yaktaur captain is lightly wounded.
The yaktaur captain is covered in liquid flames!
The yaktaur captain burns!
The yaktaur captain hits you!
* * * LOW HITPOINT WARNING * * *
Casting: Sticky Flame (dangerous; 1% risk of failure)
Confirm with . or Enter, or press ? or * to list all spells.
Okay, then.
Okay, then.
Casting: Sticky Flame (dangerous; 1% risk of failure)
Confirm with . or Enter, or press ? or * to list all spells.
Aiming: Sticky Flame (dangerous; 1% risk of failure)
Press: ? - help, Shift-Dir - straight line, f/p - yaktaur captain
Aim: a yaktaur captain, quivering 13 bolts (lightly wounded, covered in liquid flames, 0% to evade)
You feel a surge of power!
The sticky flame hits the yaktaur captain!
The yaktaur captain is lightly wounded.
The yaktaur captain is covered in liquid flames!
The yaktaur captain burns!
The yaktaur captain hits you!!
You die...

..≈## °.°°. #######≈≈#+++#+++##
######≈≈≈.........#
.....#≈≈≈≈.##+##..# #.
....∩#≈≈≈≈##.#.##.#### +^##.
...∩.#DY≈≈#.B B.#....# ...####
∩.∩.∩#≈z####.#$####..## #..##.#
.∩.∩.#c##.###c###.##..# +^.#..#
∩.∩..#≈#...##.##@c##..# #.^#..#▓
.⌠..H'≈'.##'.<.'##.+..####..##)#▓
....H#{#...##.##c.##....###.(.##▓
▓▓▓###c##.###'###.##......≈≈≈≈≈≈≈
######§§####.).####≈≈.....≈#'####
#l ##÷≈≈#..#..#≈§≈§≈≈≈..≈#_._._
+$ #'#≈##...##≈≈≈≈§§≈≈.≈#._._. $
#)#((##+##≈≈≈≈§§≈§§≈≈#_._._
####≈≈≈≈÷≈≈§≈≈≈≈≈§≈≈≈#._._.


You could see a yaktaur captain (burning).

Vanquished Creatures
  A merfolk siren (D)
  A yaktaur (D)
  A hornet (D)
  3 polar bears (D)
  Menkaure (D)
  4 necrophages (D)
  A hell rat (D)
  3 worker ants (D)
15 creatures vanquished.

Vanquished Creatures (others)
  A kobold demonologist (D)
  A water moccasin (D)
  A worker ant (D)
  40 foxfires (D)
43 creatures vanquished.

Grand Total: 58 creatures vanquished

Notes
Turn   | Place    | Note
-------+----------+-------------------------------------------
     0 | D        | Conn the Octopode Fire Elementalist began the quest for the
                  | Orb.
     0 | D        | Reached XP level 1. HP: 11/11 MP: 3/3
     1 | D        | Noticed a necrophage
     1 | D        | Noticed a necrophage
     1 | D        | Noticed a necrophage
     1 | D        | Noticed a necrophage
     6 | D        | Killed a necrophage
     7 | D        | Reached skill level 6 in Fire Magic
     7 | D        | Reached XP level 2. HP: 17/17 MP: 4/7
     7 | D        | Reached XP level 3. HP: 21/21 MP: 4/8
     7 | D        | Reached XP level 4. HP: 27/27 MP: 5/10
    10 | D        | Killed a necrophage
    11 | D        | Reached skill level 1 in Unarmed Combat
    11 | D        | Reached skill level 5 in Spellcasting
    11 | D        | Reached skill level 7 in Fire Magic
    11 | D        | Reached XP level 5. HP: 31/31 MP: 5/12
    14 | D        | Killed a necrophage
    15 | D        | Reached skill level 5 in Stealth
    15 | D        | Reached skill level 5 in Conjurations
    15 | D        | Reached skill level 8 in Fire Magic
    15 | D        | Reached XP level 6. HP: 28/37 MP: 5/15
    19 | D        | Killed a necrophage
    25 | D        | Found Vesy Wur's Book Shop.
    25 | D        | Found Yckokhlou's General Store.
    25 | D        | Found Gekk's Jewellery Boutique.
    25 | D        | Found Wauk's Antique Weapon Shop.
    25 | D        | Found Buirirr's Weapon Boutique.
    25 | D        | Found Dumog Xurgh's Gadget Boutique.
    26 | D        | Found Rilumas's Magic Scroll Boutique.
    26 | D        | Found Zunoc's Distillery.
    26 | D        | Found Tuimor's Magic Scroll Boutique.
    26 | D        | Noticed a water moccasin
    33 | D        | Learned a level 3 spell: Conjure Flame
    38 | D        | Learned a level 4 spell: Sticky Flame
    44 | D        | Learned a level 5 spell: Fireball
    48 | D        | Learned a level 3 spell: Inner Flame
    72 | D        | Reached skill level 9 in Fire Magic
   142 | D        | Killed a water moccasin
   226 | D        | Found Keucheun's Antique Armour Boutique.
   234 | D        | Noticed Roxanne
   243 | D        | Found an iron altar of Okawaru.
   243 | D        | Found an opulent altar of Gozag.
   244 | D        | Found a sparkling altar of Nemelex Xobeh.
   244 | D        | Found a blossoming altar of Fedhas.
   245 | D        | Found a radiant altar of Vehumet.
   245 | D        | Found a burning altar of Makhleb.
   245 | D        | Found a white marble altar of Elyvilon.
   246 | D        | Found a hide-covered altar of Uskayaw.
   246 | D        | Found a corrupted altar of Lugonu.
   246 | D        | Found a shadowy altar of Dithmenos.
   247 | D        | Found a glowing silver altar of Zin.
   247 | D        | Found a bloodstained altar of Trog.
   247 | D        | Found an ancient bone altar of Kikubaaqudgha.
   247 | D        | Found a snail-covered altar of Cheibriados.
   248 | D        | Found a basalt altar of Yredelemnul.
   248 | D        | Found a shimmering blue altar of Sif Muna.
   248 | D        | Found a viscous altar of Jiyva.
   249 | D        | Found a shimmering altar of Xom.
   249 | D        | Found a sacrificial altar of Ru.
   251 | D        | Found a glowing golden altar of the Shining One.
   251 | D        | Found an ornate altar of the Wu Jian Council.
   251 | D        | Found a stormy altar of Qazlal.
   251 | D        | Found a hazy altar of Hepliaklqana.
   252 | D        | Found a roughly hewn altar of Beogh.
   254 | D        | Became a worshipper of Vehumet
   278 | D        | Reached XP level 7. HP: 11/42 MP: 9/17
   294 | D        | Found Jausiup's Distillery.
   294 | D        | Found Veuqig's Jewellery Shop.
   294 | D        | Noticed Menkaure
   294 | D        | Noticed an iron elemental
   294 | D        | Noticed an oklob plant
   295 | D        | Found Wozamih's Book Shoppe.
   295 | D        | Found Vattuseo's Jewellery Shop.
   295 | D        | Found Yntee's Antique Armour Boutique.
   298 | D        | Noticed a slime creature
   298 | D        | Noticed a slime creature
   299 | D        | Noticed a slime creature
   300 | D        | Noticed a wyvern
   532 | D        | Bought a twisted falchion for 216 gold pieces
   532 | D        | Identified the +9 falchion of Meeqeewi {flame, rElec Dex+5}
                  | (You bought it in a shop in the Dungeon)
   542 | D        | Killed Menkaure
   543 | D        | Reached skill level 1 in Fighting
   543 | D        | Reached skill level 5 in Dodging
   552 | D        | Noticed an obsidian statue
   554 | D        | Noticed a boulder beetle
   554 | D        | Noticed a boulder beetle
   571 | D        | Noticed a polar bear
   571 | D        | Noticed a polar bear
   594 | D        | Killed a polar bear
   594 | D        | Reached * piety under Vehumet
   594 | D        | Offered knowledge of Sandblast by Vehumet.
   596 | D        | Killed a polar bear
   597 | D        | Reached skill level 10 in Fire Magic
   597 | D        | Reached XP level 8. HP: 12/48 MP: 6/20
   828 | D        | Noticed a merfolk siren
   836 | D        | Killed a merfolk siren
   894 | D        | Reached ** piety under Vehumet
   894 | D        | Offered knowledge of Shock by Vehumet.
   897 | D        | Learned a level 1 spell: Shock
   910 | D        | Noticed a yaktaur
   910 | D        | Noticed a hornet
   919 | D        | Noticed a polar bear
   930 | D        | Killed a hornet
   931 | D        | Reached skill level 11 in Fire Magic
   934 | D        | Killed a polar bear
   935 | D        | Reached skill level 10 in Spellcasting
   979 | D        | Killed a yaktaur
   979 | D        | Offered knowledge of Mephitic Cloud by Vehumet.
   980 | D        | Reached XP level 9. HP: 11/54 MP: 13/23
  1265 | D        | Bought an uncursed ring of fire for 325 gold pieces
  1283 | D        | Noticed Kirke
  1283 | D        | Noticed a skeletal warrior
  1284 | D        | Noticed a centaur warrior
  1291 | D        | Noticed an ice dragon
  1295 | D        | Noticed an elephant
  1303 | D        | Killed a kobold demonologist
  1306 | D        | Noticed a harpy
  1306 | D        | Noticed a harpy
  1319 | D        | Noticed a yaktaur captain
  1332 | D        | Mangled by a yaktaur captain

Illustrated notes

Levels and vault maps discovered:
D:        the_violet_keep_of_menkaure [sprint2_stairs_cluster_1,
          sprint2_shoproom, sprint2_temple, sprint2_basic_supplies,
          sprint2_obstacle_6, sprint2_obstacle_2, sprint2_obstacle_3,
          sprint2_obstacle_5, sprint2_obstacle_4, sprint2_timed_cluster_1,
          sprint2_smallroom_cluster_1, sprint2_smallroom_final_cluster_1,
          sprint2_transparent_cluster_1, sprint2_second_timed_cluster_1,
          sprint2_sniper_area_1, sprint2_heavy_combat_area_1,
          sprint2_mutation_trap_area_1, sprint2_forest_area_1,
          sprint2_light_combat_area_1, sprint2_behind_water_1,
          sprint2_near_end_vault_1]

Skill      XL: |  1  2  3  4  5  6  7  8  9 |
---------------+----------------------------+-----
Dodging        | 3 4 5 |  5.7
Stealth        | 4 5 6 7 |  7.3
Spellcasting   | 4 5 6 7 8 10 | 10.8
Conjurations   | 3 4 5 6 8 9 |  9.0
Fire Magic     | 6 7 8 9 10 11 | 11.3
Unarmed Combat | 1 2 3 4 |  4.2
Fighting       | 1 2 |  2.4

Action                   |  1- 3 |  4- 6 |  7- 9 || total
-------------------------+-------+-------+-------++-------
Melee: Unarmed           |     3 |    13 |       ||    16
       Tentacles         |     2 |     6 |     2 ||    10
       Constrict         |     1 |     4 |     1 ||     6
       Falchion          |       |       |     3 ||     3
 Cast: Foxfire           |       |    11 |    12 ||    23
       Sticky Flame      |       |     2 |     7 ||     9
       Conjure Flame     |       |     1 |     1 ||     2
       Fireball          |       |       |     8 ||     8
       Shock             |       |       |     2 ||     2
  Use: Potion            |     2 |       |     3 ||     5
       Scroll            |       |       |     1 ||     1
Armor: Skin              |       |     1 |     1 ||     2
Dodge: Dodged            |       |     1 |    15 ||    16
       Rpst.: Falchion   |       |       |     2 ||     2

Table legend: (Time is in decaauts)
 A = Elapsed time spent in this place.
 B = Non-inter-level travel time spent in this place.
 C = Inter-level travel time spent in this place.
 D = Time resting spent in this place.
 E = Time spent auto-exploring this place.
 F = Levels seen in this place.
 G = Mean time per level.
                   A        B        C        D        E       F      G
               +--------+--------+--------+--------+--------+-----+--------+
         Total |   1323 |   1323 |      0 |    694 |    133 |   1 | 1323.0 |
       Dungeon |   1323 |   1323 |      0 |    694 |    133 |   1 | 1323.0 |
               +--------+--------+--------+--------+--------+-----+--------+

Top non-repeatable levels by time:
       D: 1323 daAuts
